 Dungeon Crawl Stone Soup version 0.22-a0-769-g178e55541d (webtiles) character file.

56 guided the Skirmisher (level 3, 0/33 HPs)
             Began as a Hill Orc Fighter on July 17, 2018.
             Slain by a goblin
             ... wielding a +0 dagger
              (1 damage)
             ... on level 3 of the Dungeon.
             The game lasted 00:04:37 (1538 turns).

guided the Skirmisher (Hill Orc Fighter)            Turns: 1538, Time: 00:04:38

Health: 0/33       AC:  7    Str: 19    XL:     3   Next: 97%
Magic:  3/3        EV:  7    Int:  8    God:
Gold:   122        SH:  9    Dex: 10    Spells: 2/2 levels left

rFire    . . .     SeeInvis .   a - +0 flail
rCold    . . .     Gourm    .   c - +0 shield
rNeg     . . .     Faith    .   b - +0 scale mail
rPois    .         Spirit   .   (no helmet)
rElec    .         Reflect  .   (no cloak)
rCorr    .         Harm     .   (no gloves)
MR       .....                  (no boots)
Stlth    ..........             (no amulet)
HPRegen  0.11/turn              (no ring)
MPRegen  0.08/turn              (no ring)

@: lethally poisoned (0 -> 0), flying
A: no striking features
a: no special abilities


You were on level 3 of the Dungeon.
You were not hungry.

You visited 1 branch of the dungeon, and saw 3 of its levels.

You collected 122 gold pieces.

Inventory:

Hand Weapons
 a - a +0 flail (weapon)
Missiles
 n - 4 tomahawks of dispersal (quivered)
Armour
 b - a +0 scale mail (worn)
 c - a +0 shield (worn)
Jewellery
 p - an uncursed ring of wizardry {unknown}
Scrolls
 g - 2 scrolls of magic mapping {unknown}
 j - a scroll of teleportation
 o - a scroll of blinking {unknown}
 r - a scroll of amnesia {unknown}
Potions
 d - 2 potions of might
 h - a potion of magic {unknown}
 i - 4 potions of lignification {unknown}
 l - a potion of curing {unknown}
 m - a potion of resistance {unknown}
 q - a potion of heal wounds {unknown}
Comestibles
 f - 4 rations
 k - 8 chunks of flesh


   Skills:
 + Level 4.2 Fighting
 + Level 3.0 Maces & Flails
 + Level 3.8 Armour
 + Level 3.8 Shields


You had 2 spell levels left.
You didn't know any spells.
Your spell library was empty.

Dungeon Overview and Level Annotations

Branches:
Dungeon (3/15)

Altars:

Annotations:
D:3 Sigmund


Message History

You kill the adder!
Your Maces & Flails skill increases to level 3!
Something hits you! You block the hobgoblin's attack.
You barely miss the hobgoblin. Something hits you but does no damage.
The hobgoblin hits you but does no damage.
You barely miss the hobgoblin.
You feel sick. Something hits you.
* * * LOW HITPOINT WARNING * * *
The hobgoblin hits you but does no damage.
You thump the hobgoblin!
You kill the hobgoblin!
Something completely misses you.
You closely miss the goblin. You block the goblin's attack.
The goblin hits you but does no damage. Something hits you.
* * * LOW HITPOINT WARNING * * *
* * * LOW HITPOINT WARNING * * *
You feel sick.
It was a potion of flight.
You feel very buoyant.
You fly up into the air.
The goblin hits you with a dagger.
You die...

## #)........#.#
#.# .
#.....#####.###.#
#.#.....# #.....#
#.#.....# #######
#.......#
###.....#
#......# #......#
#@#....# #.
#g#(##.#
#...###)#.##...
#.........######
...........#
#..........#
#.........##
#.........#
#....######


You could see a goblin.

Vanquished Creatures
  An adder (D:3)
  A dart slug (D:1)
  A leopard gecko (D:1)
  2 giant cockroaches
  4 goblins
  8 hobgoblins
  2 jackals (D:3)
  A quokka (D:3)
  2 ball pythons
  7 bats (D:1)
  2 frilled lizards
  5 kobolds
  7 rats
43 creatures vanquished.

Notes
Turn   | Place    | Note
-------+----------+-------------------------------------------
     0 | D:1      | guided the Hill Orc Fighter began the quest for the Orb.
     0 | D:1      | Reached XP level 1. HP: 19/19 MP: 1/1
   387 | D:1      | Reached XP level 2. HP: 27/27 MP: 2/2
   520 | D:1      | Reached skill level 4 in Fighting
   759 | D:1      | Reached XP level 3. HP: 33/33 MP: 3/3
  1520 | D:3      | Noticed Sigmund
  1537 | D:3      | HP: 1/33 [poisoned by an adder]
  1538 | D:3      | Slain by a goblin

Vault maps used:
D:1:      evilmike_arrival_hilbert_curve
D:3:      lemuel_round_altar, lemuel_round_altar,
          nicolae_ru_great_annihilating_truth, uniq_sigmund

Skill      XL: |  1  2  3 |
---------------+----------+-----
Fighting       | 4 |  4.2
Maces & Flails | 3 |  3.0
Armour         | |  3.8
Shields        | |  3.8

Action                   || total
-------------------------++-------
Melee: Flail             ||   121
  Use: Scroll            ||     1
       Potion            ||     1
  Eat: Chunk             ||     2
Armor: Scale mail        ||    78
Dodge: Dodged            ||    43
Block: Shield            ||    76

Table legend:
 A = Spawn XP
 B = Non-spawn XP
 C = Spawn XP percentage of total XP
 D = Spawn monster count
 E = Non-spawn monster count
 F = Spawn count percentage of total count
 G = Total turns spent on level
                    A         B        C        D         E        F      G
               +---------+---------+-------+---------+---------+-------+---------
         Total |       0 |      81 |   0.0 |       0 |      43 |   0.0 |  1538
               +---------+---------+-------+---------+---------+-------+---------
           D:1 |       0 |      39 |   0.0 |       0 |      24 |   0.0 |  1004
           D:2 |       0 |      15 |   0.0 |       0 |      10 |   0.0 |   416
           D:3 |       0 |      27 |   0.0 |       0 |       9 |   0.0 |   118
               +---------+---------+-------+---------+---------+-------+---------
